AoeStats
← mryendl2410

Arena

509051447Analyzed
4v4 RM · 7d ago on Sep 25, 2026· 45m 36s· 8 players
Game mode
Random Map
Map size
Large (8 player)
Population
200
Speed
Normal
Resources
Standard
Victory
Conquest
Starting age
Dark Age
Ending age
Imperial Age
RankedLock teamsTeams togetherTeam positionsShared explorationLock speedFull tech treeHidden civsTurbo modeCheats
Victory
Defeat
🇻🇳 Italians · Vietnam
1364
+12
🇻🇳 Slavs · Vietnam
1318
+14
🇵🇱 Saxons · Poland
1271
+16
🇨🇳 Hindustanis · China
1253
+18
1322
-17
🇨🇳 Franks · China
1301
-16
🇭🇰 Wei · Hong Kong SAR China
1264
-14
1231
-13
xcfotrp131
10:30 Feudal Age
14:14 Castle Age
13:01 Double-Bit Axe
17:08 Loom
20:55 Wheelbarrow
23:05 Hand Cart
23:25 Bow Saw
23:52 Gold Mining
28:05 Imperial Age
25:39 Stone Mining
26:25 Scale Barding Armor
26:31 Forging
28:02 Chain Barding Armor
29:26 Iron Casting
29:51 Plate Barding Armor
28:43 Cavalier
29:46 Husbandry
31:14 Blast Furnace
31:36 Paladin
33:43 Conscription
33:30 Fletching
33:56 Padded Archer Armor
34:20 Ballistics
35:00 Chemistry
35:14 Leather Archer Armor
34:55 Bodkin Arrow
35:26 Elite Skirmisher
39:00 Scale Mail Armor
40:36 Chain Mail Armor
神山菊花
9:53 Feudal Age
11:27 Loom
14:54 Castle Age
13:15 Double-Bit Axe
15:23 Town Watch
17:20 Horse Collar
19:16 Fletching
20:53 Fervor
26:59 Wheelbarrow
26:58 Bodkin Arrow
28:52 Bow Saw
29:18 Padded Archer Armor
30:38 Leather Archer Armor
34:57 Imperial Age
34:12 Scale Barding Armor
34:17 Forging
35:33 Bloodlines
35:23 Husbandry
36:02 Hand Cart
35:47 Heavy Hei Guang Cavalry
37:07 Iron Casting
36:50 Heavy Plow
40:20 Light Cavalry
44:57 Coinage
44:49 Scale Mail Armor
45:20 Pikeman
46:01 Squires
Hbx_蒙古国海军司令
11:01 Feudal Age
15:04 Castle Age
13:15 Horse Collar
13:26 Double-Bit Axe
14:15 Loom
16:42 Bow Saw
25:48 Heavy Plow
27:46 Wheelbarrow
28:15 Scale Mail Armor
28:25 Forging
32:22 Squires
32:08 Arson
32:09 Gambesons
38:32 Hand Cart
42:01 Imperial Age
40:38 Chain Mail Armor
40:59 Iron Casting
40:52 Gold Mining
40:52 Stone Mining
43:00 Iron Casting
42:06 Onager
43:11 Conscription
42:13 Hamask
42:42 Northmen's Fury
43:59 Hoardings
44:59 Plate Mail Armor
45:29 Blast Furnace
44:40 Elite Varangian Guard
矿矿矿矿矿矿矿工
9:54 Feudal Age
14:47 Castle Age
12:45 Horse Collar
13:03 Double-Bit Axe
19:03 Loom
21:29 Wheelbarrow
22:25 Heavy Plow
23:40 Bow Saw
23:50 Gold Mining
29:52 Imperial Age
27:14 Fletching
27:26 Padded Archer Armor
28:53 Bodkin Arrow
29:50 Hand Cart
29:20 Town Watch
29:59 Leather Archer Armor
32:07 Bracer
32:31 Conscription
32:41 Thumb Ring
33:15 Gold Shaft Mining
32:59 Scale Mail Armor
33:04 Squires
34:51 Pikeman
38:39 Chain Mail Armor
38:35 Forging
41:49 Chemistry
41:09 Ballistics
42:35 Masonry
43:10 Plate Mail Armor
43:16 Iron Casting
43:46 Scale Barding Armor
43:48 Husbandry
44:23 Bloodlines
45:02 Light Cavalry
Czotyn
9:54 Feudal Age
13:46 Castle Age
13:22 Double-Bit Axe
13:22 Horse Collar
13:41 Loom
18:06 Fletching
21:30 Forging
21:24 Scale Mail Armor
26:30 Bow Saw
26:23 Heavy Plow
30:10 Wheelbarrow
33:20 Imperial Age
32:04 Stone Mining
32:12 Gold Mining
34:54 Conscription
34:53 Bodkin Arrow
34:58 Padded Archer Armor
35:34 Iron Casting
35:14 Chain Mail Armor
35:56 Gold Shaft Mining
36:54 Two-Man Saw
36:47 Bracer
37:23 Elite Hearth Troop
39:06 Thumb Ring
38:21 Crossbowman
39:18 Leather Archer Armor
40:14 Arbalester
43:36 Shield Wall
45:38 Plate Mail Armor
45:38 Ring Archer Armor
45:54 Hand Cart
piecardinap
12:59 Feudal Age
13:33 Double-Bit Axe
13:29 Horse Collar
16:37 Castle Age
16:30 Gold Mining
19:03 Wheelbarrow
20:34 Scale Barding Armor
21:13 Loom
22:55 Stone Mining
26:48 Bow Saw
28:15 Bloodlines
28:31 Pikeman
29:12 Scale Mail Armor
29:23 Forging
34:20 Imperial Age
32:31 Chain Mail Armor
32:51 Iron Casting
32:19 Squires
35:25 Gold Shaft Mining
34:41 Halberdier
35:53 Plate Mail Armor
36:24 Blast Furnace
40:01 Two-Man Saw
41:02 Conscription
mryendl2410
11:08 Feudal Age
13:32 Double-Bit Axe
16:15 Castle Age
13:58 Horse Collar
14:09 Gold Mining
21:14 Imperial Age
19:55 Fletching
23:02 Bodkin Arrow
22:55 Loom
30:22 Bracer
32:10 Padded Archer Armor
32:32 Ballistics
36:31 Leather Archer Armor
40:32 Chemistry
41:40 Bow Saw
muui
12:49 Feudal Age
11:10 Loom
14:05 Loom
14:06 Horse Collar
14:15 Double-Bit Axe
17:30 Castle Age
16:28 Wheelbarrow
23:37 Bloodlines
24:18 Gold Mining
24:43 Town Watch
25:13 Hand Cart
25:13 Heavy Plow
25:40 Bow Saw
30:40 Imperial Age
28:48 Husbandry
28:08 Light Cavalry
29:16 Scale Barding Armor
29:52 Gold Shaft Mining
29:18 Stone Mining
29:54 Forging
31:24 Chain Barding Armor
30:51 Heavy Camel Rider
33:01 Plate Barding Armor
33:02 Iron Casting
34:28 Imperial Camel Rider
36:30 Blast Furnace
35:21 Fletching
37:31 Scale Mail Armor
38:03 Conscription
37:44 Grand Trunk Road
41:05 Hoardings
42:26 Chain Mail Armor
41:37 Elite Ghulam
44:00 Hussar
Connection lost

Rejoining the realm…

Still unreachable

The connection could not be restored.

Session expired

The server has moved on; the page needs a fresh start.